 Dungeon Crawl Stone Soup version 0.30-a0-134-gb40fab5c76 (webtiles) character file.

Game seed: 135168110043322414

114700 porpoise the Brawler (level 16, -5/148 HPs)
             Began as a Troll Warper on Sept 20, 2022.
             Was a High Priest of Ru.
             Slain by an alligator (14 damage)
             ... on level 3 of the Swamp.
             The game lasted 02:40:03 (27723 turns).

porpoise the Brawler (Troll Warper)                Turns: 27723, Time: 02:40:04

Health: -5/148     AC: 17    Str: 23    XL:     16   Next: 16%
Magic:  19/19      EV: 10    Int: 21    God:    Ru [*****.]
Gold:   2155       SH:  0    Dex: 15    Spells: 16/21 levels left

rFire   + + .      SeeInvis +      - Unarmed
rCold   . . .      Faith    .    (no shield)
rNeg    . . .      Spirit   .    m - +2 fire dragon scales
rPois   +          Reflect  .    (helmet restricted)
rElec   .          Harm     .    J - +1 cloak {Will+}
rCorr   +          Rampage  .    (gloves unavailable)
Will    ++...                    (boots unavailable)
Stlth   ..........               d - amulet of the acrobat
HPRegen 1.14/turn                e - ring "Calisch" {*Slow rPois rCorr Int+9 SInv}
MPRegen 0.16/turn                c - ring "Voddujax" {+Blink rC+ Int+3}

@: lethally poisoned (-5 -> -11), about to teleport, very slow
A: large, unfitting armour, claws 3, frail 1, regeneration 1, shaggy fur 1,
tough skin 1, hated by all, unskilled 1, missing an eye
a: Renounce Religion, Evoke Blink, Draw Out Power, Power Leap, Apocalypse


You were on level 3 of the Swamp.
You worshipped Ru.
Ru was extremely pleased with you.
You visited 4 branches of the dungeon, and saw 24 of its levels.
You also visited: Sewer and Ice Cave.

You collected 2296 gold pieces.
You spent 141 gold pieces at shops.

Inventory:

Hand Weapons
 b - the +7 sling of Teaching Death {freeze, Fly rElec rF++ rC-}
   (You found it on level 1 of the Lair of Beasts)

   Any ammunition fired from it freezes those it strikes, dealing additional
   cold damage.
   It can also slow down cold-blooded creatures.
   rF:        It greatly protects you from fire.
   rC:        It makes you vulnerable to cold.
   rElec:     It insulates you from electricity.
   Fly:       It grants you flight.
 w - a +3 scimitar of flaming
Missiles
 a - 19 large rocks (quivered)
 v - 13 curare-tipped darts
 Q - 6 boomerangs of dispersal
Armour
 f - a scarf of resistance
 h - a +0 kite shield
 m - +2 fire dragon scales (worn)
 n - +0 swamp dragon scales
 J - a +1 cloak of willpower (worn)
 U - a scarf of invisibility
Jewellery
 c - the ring "Voddujax" (right claw) {+Blink rC+ Int+3}
   (You found it on level 5 of the Lair of Beasts)

   [ring of protection from cold]

   Int:       It affects your intelligence (+3).
   rC:        It protects you from cold.
   +Blink:    It lets you blink.
 d - an amulet of the acrobat (around neck)
 e - the ring "Calisch" (left claw) {*Slow rPois rCorr Int+9 SInv}
   (You found it on level 12 of the Dungeon)

   [ring of resist corrosion]

   Int:       It affects your intelligence (+9).
   rPois:     It protects you from poison.
   SInv:      It lets you see invisible.
   rCorr:     It protects you from acid and corrosion.
   *Slow:     It may slow you when you take damage.
Wands
 z - a wand of digging (5)
 G - a wand of flame (35)
 O - a wand of paralysis (17)
 W - a wand of mindburst (5)
 X - a wand of polymorph (19)
Scrolls
 g - 2 scrolls of teleportation
 i - 3 scrolls of poison
 k - a scroll of amnesia
 l - 5 scrolls of fog
 C - 11 scrolls of identify
 E - 8 scrolls of vulnerability
Potions
 j - 9 potions of curing
 p - a potion of invisibility {unknown}
 s - 4 potions of cancellation
 x - 3 potions of attraction
 H - a potion of resistance
 K - 5 potions of lignification
 M - 3 potions of might


   Skills:
 - Level 12.0 Fighting
 - Level 12.0 Throwing
 * Level 7.4 Armour
 - Level 7.0 Dodging
 * Level 2.5 Shields
 + Level 15.1 Unarmed Combat
 - Level 3.0 Spellcasting
 + Level 4.2 Translocations
 - Level 5.0 Evocations


You had 16 spell levels left.
You knew the following spells:

 Your Spells              Type           Power      Damage    Failure   Level
b - Lesser Beckoning      Tloc           21%        N/A       19%         3
k - Blink                 Tloc           42%        N/A       10%         2

Your spell library contained the following spells:

 Spells                   Type           Power      Damage    Failure   Level
 Gell's Gravitas          Tloc           21%        N/A       19%         3
 Teleport Other           Tloc           21%        N/A       19%         3
 Sandblast                Erth           6%         2d5       34%         1
 Ensorcelled Hibernation  Hex/Ice        6%         N/A       47%         2
 Passwall                 Tmut/Erth      2%         N/A       47%         2
 Sublimation of Blood     Necr           3%         N/A       47%         2
 Wereblood                Tmut           3%         N/A       47%         2
 Manifold Assault         Tloc           21%        N/A       52%         4
 Dazzling Flash           Conj/Hex       6%         N/A       71%         3
 Inner Flame              Hex/Fire       3%         N/A       71%         3
 Ozocubu's Armour         Ice            3%         N/A       71%         3
 Stone Arrow              Conj/Erth      6%         3d7       71%         3
 Swiftness                Air            3%         N/A       71%         3
 Iskenderun's Mystic Bla  Conj/Tloc      12%        2d5       83%         4
 Cause Fear               Hex            1%         N/A       98%         4
 Petrify                  Tmut/Erth      3%         N/A       98%         4
 Irradiate                Conj/Tmut      1%         3d12      100%        5
 Metabolic Englaciation   Hex/Ice        1%         N/A       100%        5
 Starburst                Conj/Fire      1%         6d3       100%        6
 Dragon Form              Tmut           1%         N/A       100%        7
 Storm Form               Tmut/Air       1%         N/A       100%        7
 Discord                  Hex            1%         N/A       100%        8
 Simulacrum               Ice/Necr       Unusable   N/A       N/A         6
 Summon Hydra             Summ           Unusable   N/A       N/A         7
 Dragon's Call            Summ           Unusable   N/A       N/A         9

Dungeon Overview and Level Annotations

Branches:
Dungeon (15/15)            Temple (1/1) D:4            Lair (5/5) D:10
  Swamp (3/4) Lair:3        Snake (0/4) Lair:2        Slime (0/5) Lair:4
    Orc (0/2) D:9          Vaults (0/5) D:13         Depths (0/4) D:15
  Sewer (visited)           IceCv (visited)

Altars:
Ashenzari
Cheibriados
Dithmenos
Elyvilon
Gozag
Kikubaaqudgha
Makhleb
Nemelex Xobeh
Okawaru
Qazlal
Ru
Sif Muna
Trog
Uskayaw
Vehumet
Wu Jian
Xom
Zin
The Shining One

Shops:
D:1 [   D:11 (   D:15 *

Annotations:
D:8 2 transporters, ThrustWizard's ghost, novice DsMo
D:9 3 runed translucent doors, zishaf's ghost, novice DjVM
Lair:2 3 runed translucent doors, SigmundSlayer's ghost, journeyman DsBe


Innate Abilities, Weirdness & Mutations

You are too large for most types of armour.
You have claws for hands.
You are frail. (-10% HP)
Your natural rate of healing is unusually fast.
You are covered in fur. (AC +1)
You have tough skin. (AC +1)
You are hated by all.
You are somewhat unskilled. (-1 Apt)
You are missing an eye, making it more difficult to aim.


Message History

You fall into the shallow water.
Moving in this stuff is going to be slow.
A four-headed hydra and an alligator come into view.
Found an escape hatch in the floor.
Found a stone staircase leading up.
The spriggan rider shouts!
The goliath frog closely misses you.
The alligator puts on a burst of speed!
The spriggan rider hits you but does no damage.
You are poisoned.
The goliath frog is stunned by your conviction and fails to attack.
The spriggan rider hits you but does no damage.
The goliath frog hits you but does no damage.
Unknown command. 2 vampire mosquitoes come into view.
Found a potion of degeneration.
You feel very sick.
The vampire mosquito buzzes angrily. x2; You hear a shout! x2
The goliath frog hits you.
* * * LOW HITPOINT WARNING * * *
You are splashed with acid.
You resist.
* * * LOW HITPOINT WARNING * * *
The spriggan rider closely misses you.
The four-headed hydra bites you but does no damage.
The four-headed hydra bites you.
* * * LOW HITPOINT WARNING * * *
You focus your inner power and blind the four-headed hydra in retribution!
The four-headed hydra completely misses you. x2
The alligator completely misses you. The alligator misses you.
The spriggan rider hits you from afar with a +0 spear.
* * * LOW HITPOINT WARNING * * *
As you read the scroll of teleportation, it crumbles to dust.
You feel strangely unstable.
You feel sick.
The goliath frog hits you but does no damage.
The spriggan rider hits you but does no damage.
You are more poisoned.
The four-headed hydra bites you!
* * * LOW HITPOINT WARNING * * *
The four-headed hydra bites you but does no damage. x2
The four-headed hydra closely misses you.
The alligator bites you!
You die...

......~ ♣♣ #..~..~§
.####..§.~~~ ♣♣~
♣..$........ ♣♣.~~
♣.....♣~.~~. ..~~~
♣.)~..w.~~.♣ ~~~~~~
♣.~~..D§DD♣♣♣♣<~~~~~
♣~~~..~.♣♣i~F.....~.
♣$~~~~
♣..w~♣♣♣♣~i~@t>~~♣♣
♣♣.~~~~ ♣♣♣♣♣♣
♣.~~D.~§.~.~ ♣~~~.~.
♣~.~~~~~~~~~.
♣♣....~.
♣..~~~yy~§~~~~
♣~..~~§.
♣~..~.~~~~~~~~.
.~~D~.
♣♣♣♣♣.~~~~~~~~.
♣♣~~~. ♣.~~~§~§..♣
♣♣..tF~ §.~~!~~.♣♣♣
♣..tD.♣ ♣♣.>...♣


You could see an alligator (swift), a five-headed hydra, a four-headed hydra
(blind), a swamp dragon, a tyrant leech, 2 spriggan riders, a goliath frog and 2
vampire mosquitoes.

Vanquished Creatures
  A tentacled monstrosity (Swamp:2)
  Rupert (D:14)
  Frances (D:13)
  An ironbound preserver (D:13)
  The ghost of HilariousDeathArtist the Brawler, a journeyman TrGl of Qazlal (Lair:4)
  A quicksilver ooze (Lair:4)
  A reaper (IceCv)
  4 dire elephants (Lair:5)
  An eleionoma (Swamp:1)
  A bunyip (Swamp:2)
  Azrael (D:13)
  An ettin (D:15)
  Fannar (D:11)
  5 hydras
  5 boulder beetles
  An ogre mage (D:15)
  7 centaur warriors
  A naga warrior (D:15)
  A catoblepas (Lair:3)
  3 tengu warriors
  6 two-headed ogres
  An alligator (Swamp:1)
  14 death yaks
  Amaemon (Lair:2)
  A spectral anaconda (Lair:5)
  3 skeletal warriors
  Nergalle (D:10)
  A spectral death yak (Lair:5)
  2 goliath frogs
  2 deep trolls (D:15)
  3 swamp dragons (Swamp:1)
  An obsidian statue (Lair:5)
  3 bog bodies
  3 necromancers (Lair:5)
  3 wizards (D:15)
  2 oklob plants
  An orange crystal statue (D:11)
  2 orc sorcerers
  An orc knight (D:11)
  7 cyclopes
  3 deep elf pyromancers
  7 ugly things
  6 manticores
  2 will-o-the-wisps
  A dire elephant zombie (Lair:5)
  18 elephants (Lair:5)
  6 black mambas
  2 gargoyles
  2 ice statues (IceCv)
  Maggie (D:8)
  An orange demon (Lair:2)
  A dire elephant skeleton (Lair:5)
  An unseen horror zombie (D:8)
  2 rime drakes
  An unseen horror (D:13)
  8 komodo dragons
  15 cane toads
  Psyche (D:11)
  A kobold demonologist (D:12)
  An efreet (D:8)
  7 ice devils (IceCv)
  4 anaconda simulacra (IceCv)
  A tengu conjurer (D:15)
  2 polar bears (Lair:2)
  5 trolls
  26 blink frogs
  A bloated husk (Swamp:2)
  A wind drake (shapeshifter) (D:13)
  12 slime creatures
  A spectral elephant (Lair:5)
  4 hornets
  7 tyrant leeches
  A shadow (D:13)
  A vampire (D:10)
  Sigmund (D:4)
  54 yaks
  5 spriggans
  3 dire elephant simulacra (IceCv)
  2 wraiths
  2 fire elementals (D:13)
  6 vampire mosquitoes
  2 wyverns
  8 basilisks
  3 steam dragons
  4 death yak simulacra
  Menkaure (D:4)
  A harpy simulacrum (IceCv)
  A warg (D:11)
  An acid dragon (D:13)
  A spectral cane toad (Lair:5)
  3 swamp worms
  Edmund (D:4)
  3 hell hounds (D:13)
  3 nagas
  14 water moccasins
  2 hydra simulacra (IceCv)
  A swamp drake (Swamp:1)
  A sky beast (D:7)
  3 orc warriors
  2 ice beasts (D:8)
  A black bear (D:8)
  4 ogres
  2 elephant zombies (Lair:5)
  An elephant skeleton (Lair:5)
  14 centaurs
  10 wolves
  4 kobold brigands
  2 phantoms (D:5)
  13 bullfrogs
  3 necrophages
  A wyvern zombie (D:8)
  A scorpion (D:7)
  A cane toad simulacrum (Lair:5)
  5 wights (D:7)
  3 elephant simulacra
  4 killer bees (D:8)
  3 howler monkeys
  9 orc priests
  4 hounds
  4 jellies
  Crazy Yiuf (D:7)
  3 iguanas (D:5)
  Natasha (twice) (D:2)
  9 orc wizards
  A troll simulacrum (IceCv)
  3 polar bear simulacra
  A wolf simulacrum (Lair:3)
  8 gnolls (D:5)
  8 adders
  4 river rats (Sewer)
  3 white imps
  2 ufetubi
  A worm (D:2)
  2 dart slugs
  17 orcs
  2 bats (D:1)
  7 endoplasms
  3 giant cockroaches
  6 goblins
  7 hobgoblins
  8 jackals
  16 kobolds
  5 quokkas
  19 ball pythons
  5 frilled lizards
  18 rats
628 creatures vanquished.

Vanquished Creatures (others)
  A hydra (D:13)
  2 cane toads
  A tyrant leech (Swamp:1)
  A slime creature (Lair:4)
  A blink frog (Lair:1)
  A swamp worm (Lair:3)
  A necrophage (D:6)
  An orc (D:11)
  A ball python (Sewer)
  4 foxfires (Swamp:1)
  34 fungi
  25 plants
  22 withered plants (Lair:5)
95 creatures vanquished.

Grand Total: 723 creatures vanquished

Notes
Turn   | Place    | Note
-------+----------+-------------------------------------------
     0 | D:1      | porpoise the Troll Warper began the quest for the Orb.
     0 | D:1      | Reached XP level 1. HP: 19/19 MP: 1/1
    78 | D:1      | Reached XP level 2. HP: 28/28 MP: 2/2
   229 | D:1      | Found Lotaotatu's Antique Armour Boutique.
   241 | D:1      | Reached skill level 3 in Unarmed Combat
   477 | D:2      | Reached XP level 3. HP: 35/35 MP: 3/3
   694 | D:2      | Noticed Natasha
   701 | D:2      | Killed Natasha
   706 | D:2      | Noticed Natasha
   715 | D:2      | Killed Natasha
   716 | D:2      | Reached skill level 4 in Unarmed Combat
   716 | D:2      | Reached XP level 4. HP: 29/44 MP: 4/4
  1430 | D:3      | Found a hide-covered altar of Uskayaw.
  1455 | D:3      | Found a faded altar of an unknown god.
  1587 | D:3      | Found a shimmering blue altar of Sif Muna.
  1794 | D:3      | Found a sparkling altar of Nemelex Xobeh.
  1795 | D:3      | Found a shimmering altar of Xom.
  2062 | D:4      | Found a staircase to the Ecumenical Temple.
  2074 | D:4      | Reached XP level 5. HP: 52/52 MP: 5/5
  2089 | Temple   | Entered the Ecumenical Temple
  2141 | Temple   | Became a worshipper of Ru the Awakened
  2288 | D:4      | Noticed Menkaure
  2295 | D:4      | Killed Menkaure
  2296 | D:4      | Reached skill level 5 in Unarmed Combat
  2296 | D:4      | Reached XP level 6. HP: 15/61 MP: 6/6
  2343 | D:4      | Identified the +4 chain mail of the Pleiades {rCorr}
  2583 | D:4      | Noticed Sigmund
  2591 | D:4      | Killed Sigmund
  2592 | D:4      | Reached skill level 6 in Unarmed Combat
  2616 | D:4      | Noticed Edmund
  2627 | D:4      | Killed Edmund
  2628 | D:4      | Reached XP level 7. HP: 32/68 MP: 7/7
  2876 | D:5      | Entered Level 5 of the Dungeon
  3022 | D:5      | Reached skill level 7 in Unarmed Combat
  3182 | D:5      | Found a hazy altar of Hepliaklqana.
  3254 | D:5      | Reached skill level 8 in Unarmed Combat
  3254 | D:5      | Reached XP level 8. HP: 55/79 MP: 8/8
  3543 | D:5      | Gained mutation: You are frail. (-10% HP) [Ru sacrifice]
  3543 | D:5      | Reached * piety under Ru
  3742 | D:5      | Reached skill level 5 in Fighting
  4063 | D:6      | Found a glowing drain.
  4138 | Sewer    | Entered a sewer
  4655 | Sewer    | Reached skill level 9 in Unarmed Combat
  5214 | D:6      | Found a snail-covered altar of Cheibriados.
  5214 | D:6      | Identified the +1 leather armour of Xeskesk {+Inv Str+4
                  | SInv}
  5275 | D:7      | Reached XP level 9. HP: 70/80 MP: 9/9
  5279 | D:7      | Reached skill level 10 in Unarmed Combat
  5306 | D:7      | Found a glowing golden altar of the Shining One.
  5442 | D:7      | Found a runed translucent door.
  5443 | D:7      | Noticed Crazy Yiuf
  5447 | D:7      | Killed Crazy Yiuf
  5515 | D:7      | Noticed a two-headed ogre
  5522 | D:7      | Killed a two-headed ogre
  5523 | D:7      | Reached skill level 11 in Unarmed Combat
  5713 | D:7      | Found a broken altar of Ashenzari.
  5959 | D:8      | Gained mutation: You are missing an eye, making it more
                  | difficult to aim. [Ru sacrifice]
  5959 | D:8      | Reached ** piety under Ru
  6019 | D:8      | Found a blossoming altar of Fedhas.
  6084 | D:8      | Noticed ThrustWizard's ghost (novice DsMo)
  6086 | D:8      | Found a transporter.
  6094 | D:8      | Noticed a deep elf pyromancer
  6098 | D:8      | Found a transporter.
  6119 | D:8      | Noticed Maggie
  6134 | D:8      | Killed Maggie
  6135 | D:8      | Reached skill level 1 in Armour
  6135 | D:8      | Reached skill level 12 in Unarmed Combat
  6135 | D:8      | Reached XP level 10. HP: 86/91 MP: 10/10
  6221 | D:8      | Noticed a gargoyle
  6236 | D:8      | Killed a gargoyle
  6321 | D:8      | Found a burning altar of Makhleb.
  6357 | D:8      | Reached skill level 1 in Throwing
  6751 | D:8      | Found a basalt altar of Yredelemnul.
  6934 | D:9      | Found a shadowy altar of Dithmenos.
  7038 | D:9      | Reached skill level 13 in Unarmed Combat
  7102 | D:9      | Found an opulent altar of Gozag.
  7102 | D:9      | Noticed a cyclops
  7107 | D:9      | Killed a cyclops
  7108 | D:9      | Reached skill level 5 in Throwing
  7343 | D:9      | Found a staircase to the Orcish Mines.
  7463 | D:9      | Found a runed translucent gate.
  7463 | D:9      | Found a runed translucent gate.
  7463 | D:9      | Found a runed translucent gate.
  7464 | D:9      | Found an opulent altar of Gozag.
  7466 | D:9      | Noticed zishaf's ghost (novice DjVM)
  7468 | D:9      | Noticed a boulder beetle
  7546 | D:9      | Reached XP level 11. HP: 85/98 MP: 11/11
  7637 | D:10     | Entered Level 10 of the Dungeon
  7648 | D:10     | Noticed an oklob plant
  7651 | D:10     | Found a staircase to the Lair.
  7840 | D:10     | Killed an oklob plant
  8180 | D:10     | Noticed Nergalle
  8312 | D:10     | Killed Nergalle
  8313 | D:10     | Reached skill level 5 in Armour
  8554 | D:10     | Gained mutation: You are hated by all. [Ru sacrifice]
  8554 | D:10     | Reached *** piety under Ru
  8554 | D:10     | Reached **** piety under Ru
  8625 | Lair:1   | Entered Level 1 of the Lair of Beasts
  8685 | Lair:1   | Identified the +7 sling of Teaching Death {freeze, Fly
                  | rElec rF++ rC-}
  8905 | Lair:1   | Noticed an oklob plant
  8926 | Lair:1   | Killed an oklob plant
  9025 | Lair:1   | Reached skill level 14 in Unarmed Combat
  9152 | Lair:1   | Reached skill level 1 in Evocations
  9299 | Lair:1   | Found a radiant altar of Vehumet.
  9709 | Lair:2   | Noticed Amaemon
  9726 | Lair:2   | Killed Amaemon
  9727 | Lair:2   | Reached XP level 12. HP: 91/109 MP: 12/12
  9840 | Lair:2   | Noticed SigmundSlayer's ghost (journeyman DsBe)
  9934 | Lair:2   | Found a staircase to the Snake Pit.
 10154 | Lair:2   | Found a runed translucent gate.
 10154 | Lair:2   | Found a runed translucent gate.
 10154 | Lair:2   | Found a runed translucent gate.
 10458 | Lair:2   | Noticed a death yak
 10469 | Lair:2   | Killed a death yak
 10470 | Lair:2   | Reached skill level 5 in Dodging
 10601 | Lair:3   | Noticed a catoblepas
 10612 | Lair:3   | Killed a catoblepas
 10716 | Lair:3   | Gained mutation: You are somewhat unskilled. (-1 Apt) [Ru
                  | sacrifice]
 10716 | Lair:3   | Reduced skill Unarmed Combat to level 12
 10716 | Lair:3   | Reached ***** piety under Ru
 10794 | Lair:3   | Reached skill level 5 in Armour
 10871 | Lair:3   | Reached skill level 13 in Unarmed Combat
 10948 | Lair:3   | Found a frozen archway.
 11054 | IceCv    | Entered an ice cave
 11505 | IceCv    | Reached skill level 5 in Dodging
 11882 | IceCv    | Noticed a reaper
 11891 | IceCv    | Killed a reaper
 11892 | IceCv    | Reached XP level 13. HP: 108/117 MP: 13/13
 12106 | Lair:3   | Found a staircase to the Swamp.
 13421 | Lair:3   | Learned a level 2 spell: Blink
 13425 | Lair:3   | Learned a level 3 spell: Lesser Beckoning
 13695 | Lair:4   | Identified a scroll of acquirement
 13696 | Lair:4   | Noticed HilariousDeathArtist's ghost (journeyman TrGl)
 13703 | Lair:4   | Found a runed translucent door.
 13891 | Lair:4   | Killed HilariousDeathArtist's ghost
 13969 | Lair:4   | Acquired 719 gold pieces
 14237 | Lair:4   | Noticed a quicksilver ooze
 14248 | Lair:4   | Killed a quicksilver ooze
 14632 | Lair:4   | Reached skill level 14 in Unarmed Combat
 14760 | Lair:4   | Found a staircase to the Slime Pits.
 15475 | D:11     | Noticed Psyche
 15480 | D:11     | Killed Psyche
 15569 | D:11     | Found Wusmaew's Weapon Shop.
 15941 | D:11     | Noticed Fannar
 15945 | D:11     | Killed Fannar
 16543 | D:11     | Reached XP level 14. HP: 106/126 MP: 14/14
 16870 | D:11     | Reached skill level 10 in Throwing
 16870 | D:11     | Identified the ring "Sierch" {Will+ MP+9 Str-2 Int+3}
 17131 | D:12     | Reached skill level 10 in Fighting
 17935 | D:12     | Identified the ring "Calisch" {*Slow rPois rCorr Int+9
                  | SInv}
 18308 | D:13     | Reached skill level 5 in Evocations
 18947 | D:13     | Noticed Azrael
 18961 | D:13     | Killed Azrael
 19343 | D:13     | Found a gate to the Vaults.
 19343 | D:13     | Noticed an ironbound preserver
 19358 | D:13     | Killed an ironbound preserver
 19431 | D:13     | Identified the +5 whip "Xown" {vorpal, Will+}
 19761 | D:14     | Noticed Frances
 19778 | D:13     | Killed Frances
 20578 | D:14     | Found a glowing golden altar of the Shining One.
 20776 | D:15     | Entered Level 15 of the Dungeon
 21195 | D:15     | Noticed Rupert
 21220 | D:14     | Killed Rupert
 21342 | D:15     | Reached XP level 15. HP: 135/136 MP: 18/18
 21521 | D:15     | Found a faded altar of an unknown god.
 21521 | D:15     | Found a faded altar of an unknown god.
 21558 | D:15     | Found Utoes's Serpentskin Sales.
 21796 | D:15     | Bought 4 curare-tipped darts for 36 gold pieces
 21796 | D:15     | Bought 5 curare-tipped darts for 45 gold pieces
 21796 | D:15     | Bought a scroll of poison for 60 gold pieces
 22183 | D:15     | Found a staircase to the Depths.
 22613 | Lair:5   | Entered Level 5 of the Lair of Beasts
 22654 | Lair:5   | Identified the ring "Voddujax" {+Blink rC+ Int+3}
 25157 | Lair:5   | Identified the +8 chain mail "Locker" {rElec}
 25429 | Lair:5   | Reached skill level 15 in Unarmed Combat
 25646 | Swamp:1  | Entered Level 1 of the Swamp
 26448 | Swamp:1  | Reached skill level 1 in Shields
 26537 | Swamp:1  | Reached XP level 16. HP: 137/148 MP: 19/19
 27130 | Swamp:2  | Noticed a tentacled monstrosity
 27139 | Swamp:2  | Killed a tentacled monstrosity
 27272 | Swamp:2  | Found a sparkling altar of Nemelex Xobeh.
 27679 | Swamp:2  | You fall into a shaft and drop 1 floor!
 27723 | Swamp:3  | Slain by an alligator

Illustrated notes

Levels and vault maps discovered:
D:1:      spicycebolla_green_bress_n_ham_2, layout_rooms, serial_shops, shop
D:2:      layout_basic, uniq_natasha
D:3:      layout_loops_corners, mainiacjoe_overflow_six_doors_small,
          chequers_temple_overflow_statue_of_worship,
          shapermc_ecumenical_altar_notcrosses
D:4:      layout_gridville, minmay_temple_entry_offerings,
          sigmund_edmund_badplayer, uniq_menkaure
D:5:      layout_loops_ring, overflow_temple_1_default
D:6:      layout_loops_ring, cheibriados_altar_1, gup_sewer_entry_glass
D:7:      layout_rooms, mainiacjoe_overflow_surrounded_room,
          overflow_temple_1_default, uniq_crazy_yiuf_cottage
D:8:      layout_loops_ring, lemuel_zombie_altar_yredelemnul,
          general_overflow_altar, mainiacjoe_overflow_small_starburst,
          gammafunk_ghost_arena, minmay_manual_moon, uniq_maggie
D:9:      layout_roguey, kennysheep_little_box,
          grunt_dithmenos_smoke_and_mirrors, orc_0_dummy, ebering_ghost_gozag
D:10:     layout_roguey, dpeg_oklobed_lair, minivault_5, uniq_nergalle
D:11:     layout_grid_maze, serial_shops, shop, minmay_protected_statue,
          uniq_fannar, uniq_psyche
D:12:     layout_loops_corners
D:13:     layout_loops_corners, skrybe_vaults_entry_preservation, uniq_azrael
D:14:     layout_basic, nicolae_tso_carved_into_rock, uniq_frances
D:15:     hangedman_depths_entry_civil_slaughter, layout_cross,
          nicolae_hepliaklqana_ecumenical_no_more, guppyfry_shop_venom,
          uniq_rupert
Temple:   kb_temple_of_zot
Lair:1:   minmay_lair_oklob_chamber, layout_chaotic_city, basic_altar,
          grunt_megastairs_3, serial_bayou_shore_b, infiniplex_staircase_pool_2,
          serial_bayou_shore_b
Lair:2:   layout_loops_ring, guppyfry_snake_entry_island, gammafunk_ghost_icy,
          minivault_25, grunt_forest_large_clearing_hut, uniq_amaemon
Lair:3:   layout_loops_ring, minmay_swamp_entry_worms,
          portal_ice_cave_entry_ice_simulacra
Lair:4:   layout_cave_shapes, slime_entry_1, hellmonk_ghost_happy_afterlife,
          nicolae_lair_time_for_slime, grunt_megastairs_2
Lair:5:   due_jungle_book, layout_small_grid
Swamp:1:  layout_falls_marsh, evilmike_swamp_ruin_house_6, swamp_pool1,
          ldierk_geyser, nicolae_swamp_trees_clearing
Swamp:2:  layout_basic_swamp, lemuel_altar_in_water, uniq_roxanne
Swamp:3:  layout_basic_swamp, hangedman_swamp_ruin_wall, uniq_louise

Skill      XL: |  1  2  3  4  5  6  7  8  9 10 11 12 13 14 15 16 |
---------------+-------------------------------------------------+-----
Fighting       | 2 3 4 5 7 8 8 9 10 12 | 12.0
Unarmed Combat | 3 4 5 6 8 9 12 13 14 13 14 15 | 15.1
Armour         | 1 4 5 5 7 |  7.4
Throwing       | 5 7 8 9 11 12 | 12.0
Dodging        | 4 5 7 |  7.0
Evocations     | 1 3 4 5 |  5.0
Spellcasting   | 3 |  3.0
Translocations | 4 |  4.2
Shields        | 1 2 |  2.5

Action                   |  1- 3 |  4- 6 |  7- 9 | 10-12 | 13-15 | 16-18 || total
-------------------------+-------+-------+-------+-------+-------+-------++-------
Melee: Unarmed           |    65 |   112 |   365 |   716 |  1538 |    86 ||  2882
       Punch             |     2 |     3 |    14 |    57 |   157 |     7 ||   240
       Flail             |       |       |     5 |       |       |       ||     5
       Demon whip        |       |       |       |     1 |       |       ||     1
       Scimitar          |       |       |       |       |    11 |     6 ||    17
 Fire: Sling             |       |       |     8 |    21 |    39 |       ||    68
Throw: Dart              |       |     5 |    20 |    14 |     2 |       ||    41
       Boomerang         |       |       |     1 |       |       |       ||     1
       Large rock        |       |       |       |    12 |   108 |    29 ||   149
Invok: Sacrifice Health  |       |       |     1 |       |       |       ||     1
       Sacrifice an Eye  |       |       |     1 |       |       |       ||     1
       Sacrifice Love    |       |       |       |     1 |       |       ||     1
       Draw Out Power    |       |       |       |     1 |     3 |       ||     4
       Power Leap        |       |       |       |     1 |     5 |       ||     6
       Sacrifice Skill   |       |       |       |     1 |       |       ||     1
       Reject Sacrifices |       |       |       |       |     2 |       ||     2
       Apocalypse        |       |       |       |       |     1 |       ||     1
 Abil: Evoke Invisibilit |       |       |       |     1 |       |       ||     1
Evoke: Wand              |       |       |       |     1 |    15 |       ||    16
  Use: Potion            |       |     1 |       |     3 |    17 |     1 ||    22
       Scroll            |       |       |    20 |     8 |    18 |     6 ||    52
 Stab: Paralysed         |       |       |       |     2 |     3 |       ||     5
       Invisible         |       |       |       |     6 |    30 |     1 ||    37
       Petrified         |       |       |       |     7 |     1 |       ||     8
       Distracted        |       |       |       |     1 |     6 |     1 ||     8
       Petrifying        |       |       |       |       |     1 |       ||     1
Armor: Robe              |     8 |       |       |       |       |       ||     8
       Fire dragon scale |     4 |    61 |   183 |   233 |   625 |    70 ||  1176
Dodge: Dodged            |    24 |    42 |   189 |   197 |   603 |    51 ||  1106

Table legend: (Time is in decaauts)
 A = Elapsed time spent in this place.
 B = Non-inter-level travel time spent in this place.
 C = Inter-level travel time spent in this place.
 D = Time resting spent in this place.
 E = Time spent auto-exploring this place.
 F = Levels seen in this place.
 G = Mean time per level.
                   A        B        C        D        E       F      G
               +--------+--------+--------+--------+--------+-----+--------+
         Total |  27270 |  26011 |   1259 |   7727 |  11711 |  26 | 1048.8 |
       Dungeon |  15140 |  14353 |    787 |   3447 |   7861 |  15 | 1009.3 |
        Temple |     80 |     52 |     28 |      0 |     43 |   1 |   80.0 |
          Lair |   8711 |   8291 |    420 |   2926 |   3023 |   5 | 1742.2 |
         Swamp |   1842 |   1819 |     23 |    726 |    760 |   3 |  614.0 |
         Sewer |    597 |    597 |      0 |    221 |     14 |   1 |  597.0 |
      Ice Cave |    897 |    897 |      0 |    405 |      8 |   1 |  897.0 |
               +--------+--------+--------+--------+--------+-----+--------+

Top non-repeatable levels by time:
  Lair:5: 2758 daAuts
  Lair:3: 2161 daAuts
    D:13: 1806 daAuts
    D:11: 1749 daAuts
  Lair:4: 1515 daAuts
  Lair:1: 1350 daAuts
    D:14: 1336 daAuts
 Swamp:1: 1328 daAuts
    D:15: 1175 daAuts
    D:12: 1153 daAuts
    D:10: 968 daAuts
     D:8: 945 daAuts
  Lair:2: 926 daAuts
     D:5: 905 daAuts
   IceCv: 897 daAuts
